 Dungeon Crawl Stone Soup version 0.21.1-1-g345015fe64 (webtiles) character file.

115 Holzbalken the Changer (level 5, 0/37 HPs)
             Began as a Merfolk Transmuter on July 3, 2018.
             Slain by a goblin
             ... wielding a +0 dagger
             ... led by Robin
              (7 damage)
             ... on level 3 of the Dungeon on July 5, 2018.
             The game lasted 00:15:46 (3357 turns).

Holzbalken the Changer (Merfolk Transmuter)         Turns: 3357, Time: 00:15:46

Health: 0/37       AC:  2    Str: 10      XL:     5   Next: 0%
Magic:  6/9        EV: 13    Int: 10 (12) God:
Gold:   110        SH:  0    Dex: 15 (16) Spells: 5/9 levels left

rFire    . . .     SeeInvis .     - Unarmed
rCold    . . .     Gourm    .   (no shield)
rNeg     . . .     Faith    .   b - +0 robe
rPois    .         Spirit   .   (no helmet)
rElec    .         Reflect  .   (no cloak)
rCorr    .         Harm     .   (no gloves)
MR       .....                  (no boots)
Stlth    +.........             (no amulet)
HPRegen  0.12/turn              (no ring)
MPRegen  0.11/turn              (no ring)

@: lethally poisoned (0 -> -5)
A: change form in water, swift swim, stealthy swim
a: no special abilities


You were on level 3 of the Dungeon.
You were hungry.

You visited 1 branch of the dungeon, and saw 3 of its levels.

You collected 110 gold pieces.

Inventory:

Missiles
 a - 12 arrows
Armour
 b - a +0 robe (worn)
Scrolls
 f - a scroll of fog {unknown}
 g - a scroll of fear {unknown}
 j - a scroll of immolation {unknown}
 l - 3 scrolls of identify {unknown}
 m - a scroll of enchant armour {unknown}
 p - a scroll of enchant weapon {unknown}
Potions
 e - a potion of haste {unknown}
 h - a potion of flight {unknown}
 i - 2 potions of degeneration
 k - a potion of agility {unknown}
 n - a potion of might {unknown}
 o - a potion of curing {unknown}
Books
 c - a book of Changes

   Spells                             Type                      Level
   a - Beastly Appendage              Transmutation                1
   b - Sticks to Snakes               Transmutation                2
   c - Spider Form                    Transmutation/Poison         3
   d - Ice Form                       Ice/Transmutation            4
   e - Blade Hands                    Transmutation                5
Comestibles
 d - 3 rations


   Skills:
 - Level 1.1 Fighting
 - Level 2.6 Dodging
 - Level 3.2 Unarmed Combat
 + Level 2.9 Spellcasting
 * Level 5.3 Transmutations
 + Level 1.3 Poison Magic


You had 5 spell levels left.
You knew the following spells:

 Your Spells              Type           Power        Failure   Level  Hunger
a - Beastly Appendage     Tmut           ##....       3%          1    ##.....
b - Spider Form           Tmut/Pois      #.........   22%         3    ####...


Dungeon Overview and Level Annotations

Branches:
Dungeon (3/15)

Altars:
Ru

Annotations:
D:2 Sigmund
D:3 Robin


Message History

You hit the hobgoblin but do no damage.
The hobgoblin is severely wounded.
The hobgoblin misses you. The goblin misses you.
You barely miss the hobgoblin.
The hobgoblin is almost dead.
You kill the hobgoblin!
You have reached level 5!
You feel agile.
The hobgoblin no longer looks unusually strong.
The goblin hits you with a club. The goblin hits you with a dagger.
* * * LOW HITPOINT WARNING * * *
You hit the worker ant but do no damage.
The goblin misses you. The worker ant bites you.
* * * LOW HITPOINT WARNING * * *
You are poisoned.
The worker ant poisons you!
Robin roars a battlecry!
The goblins go into a battle-frenzy!
The goblin hits you with a dagger!
You die... ... #.##.# g.g

#.##.# #.### #.##.##
rg..# #...#.# #g#a#
#.##.## #g#g# #.##.#
#.#.# #.##.#
#.#)#.####### #.##.#
#...ggrgga@g########.##.#
###.#g#####g##.......##.#
#.#.# #.............#
..#.########.##########
####..........#
############


You could see a worker ant, Robin, a quokka, 3 hobgoblins and 3 goblins.

Vanquished Creatures
  5 adders (D:2)
  An ooze (D:1)
  4 dart slugs (D:1)
  5 leopard geckos
  4 bats
  2 giant cockroaches (D:1)
  8 goblins
  4 hobgoblins
  A ball python (D:1)
  6 frilled lizards
  7 kobolds
  9 rats
56 creatures vanquished.

Notes
Turn   | Place    | Note
-------+----------+-------------------------------------------
     0 | D:1      | Holzbalken the Merfolk Transmuter began the quest for the Orb.
     0 | D:1      | Reached XP level 1. HP: 15/15 MP: 3/3
     6 | D:1      | Noticed a hog
     6 | D:1      | Noticed a wyvern
     6 | D:1      | Noticed a black bear
     6 | D:1      | Noticed a redback
    15 | D:1      | Reached skill level 3 in Transmutations
   233 | D:1      | Reached XP level 2. HP: 17/21 MP: 3/5
   646 | D:1      | Reached skill level 4 in Transmutations
   646 | D:1      | Reached XP level 3. HP: 16/26 MP: 6/6
  1294 | D:1      | Learned a level 3 spell: Spider Form
  1816 | D:2      | Reached XP level 4. HP: 28/32 MP: 6/8
  2227 | D:2      | Reached skill level 5 in Transmutations
  2227 | D:2      | Reached skill level 1 in Poison Magic
  2228 | D:2      | Noticed Sigmund
  2508 | D:2      | Found a faded altar of an unknown god.
  2521 | D:2      | Became a worshipper of Ru the Awakened
  2523 | D:2      | Fell from the grace of Ru
  3323 | D:3      | Noticed Robin
  3356 | D:3      | Reached XP level 5. HP: 18/37 MP: 6/9
  3357 | D:3      | Slain by a goblin

Skill      XL: |  1  2  3  4 |
---------------+-------------+-----
Transmutations | 3 4 5 |  5.3
Poison Magic   | 1 |  1.3
Fighting       | |  1.1
Dodging        | |  2.6
Unarmed Combat | |  3.2
Spellcasting   | |  2.9

Action                   |  1- 3 |  4- 6 || total
-------------------------+-------+-------++-------
Melee: Unarmed           |   102 |    74 ||   176
       Headbutt          |    11 |     3 ||    14
       Punch             |     1 |     1 ||     2
 Cast: Beastly Appendage |    20 |     6 ||    26
       Spider Form       |       |     1 ||     1
Invok: Renounce Religion |       |     1 ||     1
  Use: Potion            |       |     2 ||     2
 Stab: Sleeping          |     2 |     1 ||     3
  Eat: Chunk             |     3 |     1 ||     4
       Ration            |       |     1 ||     1
Armor: Robe              |    14 |     5 ||    19
       Skin              |       |     4 ||     4
Dodge: Dodged            |    75 |    65 ||   140
